Workbook
Name AIRBNB: 'Réservations 2023'!#REF!

Sheet Réservations 2023
A2: ANNEE 2023
A4: LE COEUR DE LA BAIE
A6: NOM | B6: PRENOM | C6: ARRIVEE | D6: DEPART | E6: RESERVATION | F6: PRIX | G6: PRIX FINAL | H6: NUITS | I6: PRIX /NUIT NET | J6: ACPTE | K6: SOLDE | L6: GESTION DEPARTS | M6: Colonne1 | N6: FRAIS | O6: ANNULATION | P6: TAXES DE SEJOUR | Q6: TEL 1 | R6: TEL 2 | S6: MAIL | T6: ADRESSE | U6: INFOS
A7: AA | B7: ZZ | C7: 44970 | D7: 44973 | E7: BOOKING | F7: 213.53 | G7: =F7-L7 -> 193.53 | H7: =D7-C7 -> 3 | I7: =IF(H7,G7/H7,"") -> 64.51 | L7: 20 | N7: 31.05
A8: DD | B8: TY | C8: 45051 | D8: 45066 | E8: AIRBNB | F8: 600 | G8: =F8-L8 -> 600 | H8: =D8-C8 -> 15 | I8: =IF(H8,G8/H8,"") -> 40
A9: FC | B9: TY | C9: 45175 | D9: 45184 | F9: 100 | G9: =F9-L9 -> 100 | H9: =D9-C9 -> 9 | I9: =IF(H9,G9/H9,"") -> 11.111111
A10: HJ | B10: RE | C10: 45224 | D10: 45231 | F10: 200 | G10: =F10-L10 -> 200 | H10: =D10-C10 -> 7 | I10: =IF(H10,G10/H10,"") -> 28.571429
A11: EE | B11: RR | C11: 45045 | D11: 45048 | E11: AIRBNB | F11: 204.37 | G11: =F11-L11 -> 184.37 | H11: =D11-C11 -> 3 | I11: =IF(H11,G11/H11,"") -> 61.456667 | L11: 20 | P11: 7.35
A12: Total | F12: =SUBTOTAL(109,Réservations[PRIX]) -> 1317.9 | G12: =SUBTOTAL(109,Réservations[PRIX FINAL]) -> 1277.9 | H12: =SUBTOTAL(101,Réservations[NUITS]) -> 7.4 | I12: =SUBTOTAL(101,Réservations[PRIX /NUIT NET]) -> 41.129841 | L12: =SUBTOTAL(109,Réservations[GESTION DEPARTS]) -> 40 | N12: =SUBTOTAL(109,Réservations[FRAIS]) -> 31.05 | O12: =SUBTOTAL(109,Réservations[ANNULATION]) -> 0 | P12: =SUBTOTAL(109,Réservations[TAXES DE SEJOUR]) -> 7.35
B18: AIRBNB | C18: BOOKING | D18: LEBONCOIN | E18: SITE INTERNET | F18: BROCANTE | G18: CONNAISS | H18: TOTAL
A19: NOMBRE RESA | B19: =COUNTIF('Réservations 2023'!E7:E12,"airbnb") -> 2 | C19: =COUNTIF('Réservations 2023'!E7:E12,"BOOKING") -> 1 | D19: =COUNTIF('Réservations 2023'!E7:E12,"LEBONCOIN") -> 0 | E19: =COUNTIF('Réservations 2023'!E7:E12,"SITE INTERNET") -> 0 | F19: =COUNTIF('Réservations 2023'!E7:E12,"BROCANTE") -> 0 | G19: =COUNTIF('Réservations 2023'!E7:E12,"CONNAISSANCE") -> 0 | H19: =B19+C19+D19+E19+F19+G19 -> 3
A20: TAUX DE RESA | B20: =B19/H19 -> 0.66666667 | C20: =C19/H19 -> 0.33333333 | D20: =D19/H19 -> 0 | E20: =E19/H19 -> 0 | F20: =F19/H19 -> 0 | G20: =G19/H19 -> 0
B22: RESERVATION
A23: Valeurs | B23: AIRBNB | C23: BOOKING | E23: Total général
A24: NOMBRE RESA | B24: 2 | C24: 1 | D24: 2 | E24: 5
A25: % | B25: 0.4 | C25: 0.2 | D25: 0.4 | E25: 1

Sheet Planning 2023
A2: Jour | B2: 2023 février | C2: 2023 mars | D2: 2023 avril | E2: 2023 mai | F2: 2023 juin | G2: 2023 juillet | H2: 2023 août | I2: 2023 septembre | J2: 2023 octobre
A3: 1 | E3: EE
A4: 2
A5: 3
A6: 4
A7: 5 | E7: DD
A8: 6 | E8: DD | I8: FC
A9: 7 | E9: DD | I9: FC
A10: 8 | E10: DD | I10: FC
A11: 9 | E11: DD | I11: FC
A12: 10 | E12: DD | I12: FC
A13: 11 | E13: DD | I13: FC
A14: 12 | E14: DD | I14: FC
A15: 13 | B15: AA | E15: DD | I15: FC
A16: 14 | B16: AA | E16: DD | I16: FC
A17: 15 | B17: AA | E17: DD
A18: 16 | E18: DD
A19: 17 | E19: DD
A20: 18 | E20: DD
A21: 19 | E21: DD
A22: 20
A23: 21
A24: 22
A25: 23
A26: 24
A27: 25 | J27: HJ
A28: 26 | J28: HJ
A29: 27 | J29: HJ
A30: 28 | J30: HJ
A31: 29 | D31: EE | J31: HJ
A32: 30 | D32: EE | J32: HJ
A33: 31 | J33: HJ

Sheet Compta 2022
A3: CHARGES | B3: MENSUELLES | C3: ANNUELLES | E3: CHARGES PONCTUELLES | F3: COUTS | H3: COUT DE GESTION DEPARTS
A4: PRÊT | C4: =B4*12 -> 0
A5: EAU | C5: =B5*12 -> 0 | H5: ='Réservations 2023'!L12/'Réservations 2023'!F12 -> 0.030351316
A6: ASSURANCE | C6: =B6*12 -> 0
A7: ELECTRICITE | C7: =B7*12 -> 0
A8: TAXE D'HABITATION
A9: TAXE FONCIERE
A10: TAXE DIGUES & MAREES
A12: TOTAL | B12: =SUM(B4:B7) -> 0 | C12: =SUM(C4:C11) -> 0 | E12: TOTAL | F12: =SUM(F4:F11) -> 0
A19: REVENUS ANNUELS BRUTS | E19: =Réservations[[#Totals],[PRIX]]-Réservations[[#Totals],[ANNULATION]] -> 1317.9
A21: REVENUS ANNUELS NETS | E21: =Réservations[[#Totals],[PRIX]]-Réservations[[#Totals],[GESTION DEPARTS]]-Réservations[[#Totals],[ANNULATION]]-Réservations[[#Totals],[FRAIS]]-#REF!-#REF! -> #REF!
A23: CHARGES ANNUELLES | E23: =SUM('Compta 2022'!C12,'Compta 2022'!F12) -> 0
A25: BILAN ANNUEL | E25: =SUM(E21,-E23) -> #REF!
